 Dungeon Crawl Stone Soup version 0.28.0-43-g3370ac3207 (webtiles) character file.

Game seed: 15751417169232635526

100 jimonade the Carver (level 4, -5/31 (32) HPs)
             Began as a Gnoll Wanderer on Mar 16, 2022.
             Killed from afar by an orc (16 damage)
             ... with a bolt of acid
             ... on level 3 of the Dungeon.
             The game lasted 00:08:01 (2622 turns).

jimonade the Carver (Gnoll Wanderer)                Turns: 2622, Time: 00:08:02

HP:   -5/31 (32)    AC:  8    Str: 10    XL:     4   Next: 73%
MP:   11/11         EV:  4    Int: 11    God:
Gold: 84            SH:  0    Dex: 15    Spells: 12/13 levels left

rFire   . . .      SeeInvis .   a - +2 falchion
rCold   . . .      Faith    .   (no shield)
rNeg    . . .      Spirit   .   l - +0 chain mail
rPois   .          Reflect  .   (no helmet)
rElec   .          Harm     .   (no cloak)
rCorr   .          Rampage  .   (no gloves)
Will    .....                   (no boots)
Stlth   ..........              (no amulet)
HPRegen 0.10/turn               (no ring)
MPRegen 0.12/turn               (no ring)

@: lightly drained
A: fangs 1, strong nose, distributed training
a: no special abilities


You were on level 3 of the Dungeon.
You visited 1 branch of the dungeon, and saw 3 of its levels.

You collected 84 gold pieces.

Inventory:

Hand Weapons
 a - a +2 falchion (weapon)
 g - a +0 short sword
 k - a +0 glaive
 s - a +0 club of chaos
 t - a +1 dagger of chaos
Missiles
 d - 32 bolts
 i - 49 stones (quivered)
 n - 3 javelins
Armour
 c - a +0 leather armour
 h - a +0 robe
 l - a +0 chain mail (worn)
 p - a +0 robe
Jewellery
 m - a ring of see invisible
Scrolls
 f - a scroll of identify {unknown}
 q - a scroll of immolation {unknown}
 r - a scroll of noise {unknown}
Potions
 e - a potion of cancellation {unknown}
 j - a potion of might {unknown}
 o - a potion of lignification {unknown}
Miscellaneous
 b - a piece from Xom's chessboard (15/15)


   Skills:
 + Level 1.2 Fighting
 + Level 1.2 Short Blades
 + Level 8.6 Long Blades
 + Level 1.2 Axes
 + Level 1.2 Maces & Flails
 + Level 1.2 Polearms
 + Level 1.2 Staves
 + Level 1.2 Slings
 + Level 1.2 Bows
 + Level 1.2 Crossbows
 + Level 1.2 Throwing
 + Level 1.2 Armour
 + Level 1.2 Dodging
 + Level 2.6 Stealth
 + Level 1.2 Shields
 + Level 1.2 Unarmed Combat
 + Level 5.1 Spellcasting
 + Level 1.0 Conjurations
 + Level 1.0 Hexes
 + Level 1.0 Summonings
 + Level 1.0 Necromancy
 + Level 1.0 Translocations
 + Level 1.0 Transmutations
 + Level 3.9 Fire Magic
 + Level 1.0 Ice Magic
 + Level 1.0 Air Magic
 + Level 1.0 Earth Magic
 + Level 1.0 Poison Magic
 + Level 1.3 Invocations
 + Level 2.8 Evocations


You had 12 spell levels left.
You knew the following spells:

 Your Spells              Type           Power      Damage    Failure   Level
a - Foxfire               Conj/Fire      32%        2x1d5     99%         1

Your spell library contained the following spells:

 Spells                   Type           Power      Damage    Failure   Level
 Inner Flame              Hex/Fire       8%         N/A       100%        3


Dungeon Overview and Level Annotations

Branches:
Dungeon (3/15)

Altars:


Innate Abilities, Weirdness & Mutations

You have very sharp teeth.
Your uncanny sense of smell can sniff out nearby items.
Your experience applies equally to all skills.


Message History

You kill the orc!
You hit the orc. You bite the orc.
The orc is moderately wounded.
The orc hits you but does no damage.
You are poisoned.
You closely miss the orc. Your punch misses the orc.
The orc is moderately wounded.
You feel sick. The orc barely misses you.
You hit the orc.
The orc is severely wounded.
The orc hits you but does no damage.
You hit the orc.
You kill the orc!
You feel sick.
You feel sick.
Items here: )) ††.
s - a +0 club of chaos;
t - a +1 dagger of chaos You feel sick.
You feel sick.
You are no longer poisoned.
You start resting.
HP restored.
Things that are here:
an orc corpse; an orc corpse An orc comes into view.
It is wielding a +0 spear of chaos and carrying a wand of acid (13).
The orc shouts!
You hear a shout! 2 orcs come into view.
An orc is wielding a +0 dagger of chaos.
An orc is wielding a +2 spear of chaos.
The orc shouts! x2
The orc zaps a wand.
The bolt of acid misses you.
The orc shouts!
The orc barely misses you.
You see here 11 gold pieces.
The orc zaps a wand.
The bolt of acid hits you!!
Ouch! That really hurt!
Things that are here:
an orc corpse; an orc corpse The orc zaps a wand.
The bolt of acid hits you!
Ouch! That really hurt!
You die...

#.#≈.o# .≈. ##[
#o#.≈.§§ ≈ #..
#o#o..#..≈∆ #..
#.#.o###### ###..
#o##≈.≈. . ##....
#.# #...≈ ##.....
#.# ##...... #.#
###.......
#@#######.........
#.................
#########.........
#.........
##........
##.....#. ########


You could see 3 orcs.

Vanquished Creatures
  Terence (D:2)
  An adder (D:2)
  A worm (D:3)
  2 dart slugs
  6 orcs
  7 endoplasms
  A giant cockroach (D:2)
  2 goblins
  8 hobgoblins
  7 kobolds
  4 quokkas
  5 ball pythons
  5 bats
  4 rats
54 creatures vanquished.

Vanquished Creatures (others)
  59 foxfires
  7 plants (D:3)
66 creatures vanquished.

Grand Total: 120 creatures vanquished

Notes
Turn   | Place    | Note
-------+----------+-------------------------------------------
     0 | D:1      | jimonade the Gnoll Wanderer began the quest for the Orb.
     0 | D:1      | jimonade set off with the following items: a +2 falchion, a
                  | piece from Xom's chessboard (15/15), a +0 leather armour;
                  | and the following spell memorised: Foxfire; and the
                  | following spells available to memorise: Inner Flame
     0 | D:1      | Reached XP level 1. HP: 13/13 MP: 6/6
   129 | D:1      | Reached XP level 2. HP: 13/19 MP: 4/7
   649 | D:1      | Reached XP level 3. HP: 24/25 MP: 9/9
   739 | D:1      | Reached skill level 5 in Spellcasting
  1188 | D:2      | Noticed Terence
  1209 | D:2      | Killed Terence
  1210 | D:2      | Reached skill level 1 in Fighting
  1210 | D:2      | Reached skill level 1 in Short Blades
  1210 | D:2      | Reached skill level 1 in Axes
  1210 | D:2      | Reached skill level 1 in Maces & Flails
  1210 | D:2      | Reached skill level 1 in Polearms
  1210 | D:2      | Reached skill level 1 in Staves
  1210 | D:2      | Reached skill level 1 in Slings
  1210 | D:2      | Reached skill level 1 in Bows
  1210 | D:2      | Reached skill level 1 in Crossbows
  1210 | D:2      | Reached skill level 1 in Throwing
  1210 | D:2      | Reached skill level 1 in Armour
  1210 | D:2      | Reached skill level 1 in Dodging
  1210 | D:2      | Reached skill level 1 in Shields
  1210 | D:2      | Reached skill level 1 in Unarmed Combat
  1210 | D:2      | Reached skill level 1 in Invocations
  1417 | D:2      | Reached XP level 4. HP: 32/32 MP: 11/11
  2219 | D:3      | Found a faded altar of an unknown god.
  2239 | D:3      | Reached skill level 1 in Conjurations
  2239 | D:3      | Reached skill level 1 in Hexes
  2239 | D:3      | Reached skill level 1 in Summonings
  2239 | D:3      | Reached skill level 1 in Necromancy
  2239 | D:3      | Reached skill level 1 in Translocations
  2239 | D:3      | Reached skill level 1 in Transmutations
  2239 | D:3      | Reached skill level 1 in Ice Magic
  2239 | D:3      | Reached skill level 1 in Air Magic
  2239 | D:3      | Reached skill level 1 in Earth Magic
  2239 | D:3      | Reached skill level 1 in Poison Magic
  2622 | D:3      | Killed from afar by an orc

Illustrated notes

Levels and vault maps discovered:
D:1:      eino_arrival_cavern_b, layout_basic
D:2:      layout_loops_ring, minmay_unequal, uniq_terence
D:3:      minmay_door_path, layout_rooms, tgw_xom, serial_bayou,
          serial_bayou_pond_c, serial_bayou_lagoon_a, serial_bayou_pond_c,
          serial_bayou_pond_e, dreamdust_ecumenical_altar_statues,
          minmay_misc_feat_columns, uniq_grinder

Skill      XL: |  1  2  3  4 |
---------------+-------------+-----
Spellcasting   | 5 |  5.1
Fighting       | 1 |  1.2
Short Blades   | 1 |  1.2
Axes           | 1 |  1.2
Maces & Flails | 1 |  1.2
Polearms       | 1 |  1.2
Staves         | 1 |  1.2
Slings         | 1 |  1.2
Bows           | 1 |  1.2
Crossbows      | 1 |  1.2
Throwing       | 1 |  1.2
Armour         | 1 |  1.2
Dodging        | 1 |  1.2
Shields        | 1 |  1.2
Unarmed Combat | 1 |  1.2
Invocations    | 1 |  1.3
Conjurations   | 1 |  1.0
Hexes          | 1 |  1.0
Summonings     | 1 |  1.0
Necromancy     | 1 |  1.0
Translocations | 1 |  1.0
Transmutations | 1 |  1.0
Ice Magic      | 1 |  1.0
Air Magic      | 1 |  1.0
Earth Magic    | 1 |  1.0
Poison Magic   | 1 |  1.0
Long Blades    | |  8.6
Stealth        | |  2.6
Fire Magic     | |  3.9
Evocations     | |  2.8

Action                   |  1- 3 |  4- 6 || total
-------------------------+-------+-------++-------
Melee: Falchion          |    33 |    61 ||    94
       Bite              |     2 |     2 ||     4
       Punch             |       |     3 ||     3
Throw: Stone             |     3 |       ||     3
 Cast: Foxfire           |    36 |       ||    36
 Stab: Sleeping          |     1 |       ||     1
Armor: Leather armour    |     8 |       ||     8
       Chain mail        |     1 |    26 ||    27
Dodge: Dodged            |    26 |     8 ||    34
